AoeStats
← jordialg97

MegaRandom

510094702Analyzed
2v2 RM · 2d ago on Sep 29, 2026· 57m 6s· 4 players
Game mode
Random Map
Map size
Medium (4 player)
Population
200
Speed
Normal
Resources
Standard
Victory
Conquest
Starting age
Dark Age
Ending age
Imperial Age
RankedLock teamsTeams togetherTeam positionsShared explorationLock speedFull tech treeHidden civsTurbo modeCheats
Victory
Defeat
🇳🇱 Mongols · Netherlands
1264
+18
🇪🇸 Huns · Spain
1263
+18
🇧🇪 Saxons · Belgium
1304
-18
🇫🇷 Byzantines · France
1301
-18
cueromagico2
8:36 Loom
10:21 Feudal Age
14:53 Castle Age
13:17 Gold Mining
15:00 Bloodlines
19:09 Double-Bit Axe
19:38 Horse Collar
22:51 Heavy Plow
24:02 Town Watch
25:33 Husbandry
26:02 Scale Barding Armor
28:01 Fletching
28:51 Bodkin Arrow
30:06 Ballistics
30:30 Padded Archer Armor
32:36 Gold Shaft Mining
31:52 Stone Mining
32:15 Bow Saw
32:19 Thumb Ring
33:24 Leather Archer Armor
33:21 Forging
33:37 Masonry
36:36 Imperial Age
34:52 Wheelbarrow
34:57 Light Cavalry
35:57 Marauders
37:45 Parthian Tactics
36:40 Heavy Cavalry Archer
38:02 Bracer
39:06 Chemistry
37:43 Hussar
40:23 Chain Barding Armor
40:38 Iron Casting
41:53 Conscription
43:29 Plate Barding Armor
45:07 Two-Man Saw
50:25 Blast Furnace
jordialg97
0:53 Loom
9:34 Feudal Age
10:20 Double-Bit Axe
16:19 Castle Age
17:04 Wheelbarrow
17:19 Bloodlines
18:02 Scale Barding Armor
18:08 Forging
27:05 Horse Collar
32:37 Hand Cart
33:14 Husbandry
34:16 Gold Mining
34:17 Stone Mining
36:49 Fletching
37:02 Padded Archer Armor
38:55 Town Watch
43:33 Imperial Age
41:44 Iron Casting
42:22 Chain Barding Armor
43:06 Bodkin Arrow
43:26 Leather Archer Armor
45:58 Elite Steppe Lancer
49:12 Blast Furnace
49:47 Conscription
57:09 Chemistry
IneedMoney$
7:29 Loom
10:22 Feudal Age
10:58 Double-Bit Axe
18:27 Scale Mail Armor
20:20 Wheelbarrow
23:42 Castle Age
22:33 Forging
22:13 Fletching
23:01 Padded Archer Armor
23:34 Horse Collar
24:06 Pikeman
25:10 Squires
27:59 Chain Mail Armor
28:19 Iron Casting
30:34 Leather Archer Armor
31:18 Crossbowman
34:24 Ballistics
37:59 Elite Skirmisher
38:36 Bodkin Arrow
39:50 Bow Saw
39:42 Heavy Plow
40:32 Thumb Ring
43:15 Hand Cart
46:54 Imperial Age
44:35 Gold Mining
47:40 Bracer
51:19 Plate Mail Armor
Sun
1:00 Loom
9:50 Feudal Age
10:21 Double-Bit Axe
10:19 Horse Collar
17:17 Castle Age
17:22 Crossbowman
21:30 Padded Archer Armor
22:53 Thumb Ring
22:51 Gold Mining
23:57 Fletching
24:45 Ballistics
27:36 Heavy Plow
29:29 Bow Saw
30:30 Wheelbarrow
29:41 Town Watch
29:54 Stone Mining
30:23 Crossbowman
31:11 Bodkin Arrow
32:33 Leather Archer Armor
33:34 Gold Shaft Mining
37:42 Imperial Age
36:42 Hand Cart
36:28 Town Patrol
38:31 Arbalester
39:14 Bracer
39:45 Ring Archer Armor
40:12 Scale Barding Armor
40:18 Forging
41:02 Bloodlines
40:52 Husbandry
40:13 Light Cavalry
42:09 Conscription
43:44 Chemistry
44:11 Iron Casting
43:57 Chain Barding Armor
43:30 Hussar
Connection lost

Rejoining the realm…

Still unreachable

The connection could not be restored.

Session expired

The server has moved on; the page needs a fresh start.